 Dungeon Crawl Stone Soup version 0.31-a0-430-gf8416d752b (console) character file.

Game seed: 14665452462938533321

7 Lexodia the Digger (level 2, 0/20 HPs)
             Began as a Meteoran Earth Elementalist on July 31, 2023.
             Slain by a quokka (3 damage)
             ... on level 1 of the Dungeon.
             The game lasted 00:01:33 (86 turns).

Lexodia the Digger (Meteoran Earth Elementalist)      Turns: 86, Time: 00:01:33

Health: 0/20       AC:  2    Str:  9    XL:     2   Next: 17%
Magic:  1/6        EV: 12    Int: 16    God:
Gold:   6          SH:  0    Dex: 14    Spells: 5/6 levels left

rFire   . . .        (no weapon)
rCold   . . .        (no shield)
rNeg    . . .        a - +0 robe
rPois   .            (no helmet)
rElec   .            (no cloak)
rCorr   .            (no gloves)
SInv    .            (no boots)
Will    .....        (no amulet)
Stlth   +            (no ring)
HPRegen 0.23/turn    (no ring)
MPRegen 0.10/turn

%: no passive effects
@: glowing
A: sense surroundings 1, otherworldly, glowing, explore regen
a: no special abilities


You were on level 1 of the Dungeon.
You visited 1 branch of the dungeon, and saw 1 of its levels.

You collected 6 gold pieces.

Inventory:

Armour
 a - a +0 robe (worn)
Potions
 b - a potion of magic
 c - a potion of heal wounds {unknown}
 d - a potion of enlightenment {unknown}


   Skills:
 - Level 2.4 Dodging
 - Level 1.4 Stealth
 + Level 2.9 Spellcasting
 + Level 0.7 Conjurations
 + Level 1.5 Transmutations
 + Level 3.8 Earth Magic


You had 5 spell levels left.
You knew the following spells:

 Your Spells              Type           Power      Damage    Failure   Level
a - Sandblast             Erth           28%        2d8       4%          1

Your spell library contained the following spells:

 Spells                   Type           Power      Damage    Failure   Level
 Passwall                 Tmut/Erth      8%         N/A       10%         2
 Stone Arrow              Conj/Erth      18%        3d8       22%         3
 Petrify                  Tmut/Erth      10%        N/A       54%         4


Dungeon Overview and Level Annotations

Branches:
Dungeon (1/15) Zot: 508

Altars:


Innate Abilities, Weirdness & Mutations

You passively map a small area around you.
You are easily found by Zot.
You glow in the dark.
You regain HP and MP as you explore.


Message History

The quokka bites you. x2
Huge Dmg: -30%(-6hp) hp: 65%(13hp)
The quokka attacks as you move away!
The quokka bites you but does no damage.
You hit the quokka but do no damage.
The quokka is lightly wounded.
The quokka bites you.
Damage: -10%(-2hp) hp: 55%(11hp)
You hit the quokka.
The quokka is moderately wounded.
The quokka barely misses you.
You hit the quokka but do no damage.
The quokka is moderately wounded.
The quokka misses you.
You hit the quokka.
The quokka is heavily wounded.
The quokka closely misses you. x2
You hit the quokka.
The quokka is severely wounded.
The quokka closely misses you.
You closely miss the quokka.
The quokka is severely wounded.
The quokka bites you.
Damage: -5%(-1hp) hp: 55%(11hp)
You miss the quokka.
The quokka is severely wounded.
The quokka barely misses you.
You hit the quokka but do no damage.
The quokka is severely wounded.
The quokka closely misses you.
You barely miss the quokka.
The quokka is severely wounded.
The quokka bites you. x2
* * * LOW HITPOINT WARNING * * *
Huge Dmg: -40%(-8hp) hp: 15%(3hp)
You are too injured to fight recklessly!
You hit the quokka but do no damage.
The quokka is severely wounded.
The quokka bites you.
You die...

, ,......... * * ........# *
........# * ###.......# , , *
.........### * * * * ,
,........... * , * * #.........#,
* #r####.##.#, , ,* #@#.....#.# #
#.#.##..#.#.# , #.#.......#.# * *
* , #.#####.#.).##### , , ,, *
#.......#.#......
########################...#####
6#N#d#M#o#p#i#9#H#Q#n#6#.########
#########################........
.......................'..#######


You could see a quokka.

Vanquished Creatures
  A ball python (D:1)
  An endoplasm (D:1)
  A giant cockroach (D:1)
  A hobgoblin (D:1)
  A kobold (D:1)
  A rat (D:1)
6 creatures vanquished.

Notes
Turn   | Place    | Note
-------+----------+-------------------------------------------
     0 | D:1      | Lexodia the Meteoran Earth Elementalist began the quest for
                  | the Orb.
     0 | D:1      | Reached XP level 1. HP: 14/14 MP: 5/5
     3 | D:1      | Noticed a troll
     3 | D:1      | Noticed a vine stalker
     5 | D:1      | Noticed a demonspawn
     5 | D:1      | Noticed an armataur
     7 | D:1      | Noticed a naga
     7 | D:1      | Noticed an elf
     9 | D:1      | Noticed a draconian
    11 | D:1      | Noticed an ogre
    13 | D:1      | Noticed a demigod
    15 | D:1      | Noticed a meteoran
    15 | D:1      | Noticed a human
    17 | D:1      | Noticed a spriggan
    17 | D:1      | Noticed a merfolk
    19 | D:1      | Noticed a gargoyle
    19 | D:1      | Noticed a felid
    21 | D:1      | Noticed a minotaur
    21 | D:1      | Noticed an octopode
    23 | D:1      | Noticed a tengu
    23 | D:1      | Noticed a formicid
    25 | D:1      | Noticed a ghoul
    25 | D:1      | Noticed a draconian
    27 | D:1      | Noticed a demonspawn
    27 | D:1      | Noticed a naga
    50 | D:1      | Huge Dmg: 4 dmg
    72 | D:1      | Reached XP level 2. HP: 19/20 MP: 3/6
    76 | D:1      | Huge Dmg: 6 dmg
    86 | D:1      | Huge Dmg: 8 dmg
    86 | D:1      | Slain by a quokka

Illustrated notes

Levels and vault maps discovered:
D:1:      kb_arrival_jail, layout_basic

Action                     || total
---------------------------++-------
  Melee: Unarmed           ||    13
   Cast: Sandblast         ||    10
   Stab: Sleeping          ||     1
 Armour: Robe              ||     4
  Dodge: Dodged            ||    12

Table legend: (Time is in decaauts)
 A = Elapsed time spent in this place.
 B = Non-inter-level travel time spent in this place.
 C = Inter-level travel time spent in this place.
 D = Time resting spent in this place.
 E = Time spent auto-exploring this place.
 F = Levels seen in this place.
 G = Mean time per level.
                   A        B        C        D        E       F      G
               +--------+--------+--------+--------+--------+-----+--------+
         Total |     91 |     91 |      0 |      0 |     51 |   1 |   91.0 |
       Dungeon |     91 |     91 |      0 |      0 |     51 |   1 |   91.0 |
               +--------+--------+--------+--------+--------+-----+--------+

Top non-repeatable levels by time:
     D:1: 91 daAuts
